cohdb
Replays
Latest Replays
All Replays
Popular Replays
Top Player Replays
Match Explorer
How It Works
Community
CoH3 Stats
Reddit
Sign in to upload your games and track your stats! →
Sign in with Steam
Match 41416889
Unlisted
Match 41416889
Overview
Messages
Build Orders
End
Engineer Squad
Construct Barracks
Selects Heavy Weapons
Riflemen Squad
Riflemen Squad
Riflemen Squad
Construct Weapon Support Center
Construct Medical Station
Selects M2HB .50cal Heavy Machine Gun
M1919 Machine Gun Team
Grenade Package
Infantry Support Center
Engineer Squad
Construct Motor Pool
M24 Chaffee Light Tank
M1919 Machine Gun Team
Advanced Logistics
M1919 Machine Gun Team
Bazooka Squad
Bazooka Squad
Improved M9 Bazooka Rockets
Bazooka Squad
Selects Assault Carriers
Selects Exchangeable Parts
Selects M26 Pershing Heavy Tank
Riflemen Squad
Selects Rapid Reposition
M26 Pershing Heavy Tank
a_rotator
Fortune
0
0
Comments
sign in to comment!
No comments posted yet!